 Dungeon Crawl Stone Soup version 0.24.0-13-gcf9b319 (webtiles) character file.

Game seed: 13637517094949042749, levelgen mode: deterministic

247 Fang the Skirmisher (level 6, -13/58 HPs)
             Began as a Gargoyle Berserker on Nov 21, 2019.
             Was a Believer of Trog.
             Mangled by an ogre
             ... wielding a +0 giant club
              (22 damage)
             ... on level 3 of the Dungeon.
             The game lasted 00:05:35 (2502 turns).

Fang the Skirmisher (Gargoyle Berserker)            Turns: 2502, Time: 00:05:35

Health: -13/58     AC:  6    Str: 27    XL:     6   Next: 11%
Magic:  6/6        EV: 12    Int:  8    God:    Trog [**....]
Gold:   106        SH:  0    Dex:  9    Spells: 5/5 levels left

rFire    . . .     SeeInvis .   a - +0 hand axe
rCold    . . .     Gourm    .   (no shield)
rNeg     + . .     Faith    .   b - +0 animal skin
rPois    ∞         Spirit   .   (no helmet)
rElec    +         Reflect  .   (no cloak)
rCorr    .         Harm     .   (no gloves)
MR       .....                  (no boots)
Stlth    ..........             (no amulet)
HPRegen  0.19/turn              l - ring of flight
MPRegen  0.10/turn              (no ring)

@: berserking, very quick
A: negative energy resistance 1, electricity resistance, unbreathing,
petrification resistance, rot immunity, AC +4
a: Berserk, Trog's Hand, Renounce Religion, Evoke Flight


You were on level 3 of the Dungeon.
You worshipped Trog.
Trog was pleased with you.
You were hungry.

You visited 1 branch of the dungeon, and saw 3 of its levels.

You collected 106 gold pieces.

Inventory:

Hand Weapons
 a - a +0 hand axe (weapon)
Armour
 b - a +0 animal skin (worn)
Jewellery
 l - a ring of flight (left hand)
 o - an uncursed ring of resist corrosion {unknown}
Scrolls
 d - a scroll of enchant weapon {unknown}
 g - a scroll of identify {unknown}
 i - a scroll of fear {unknown}
 j - a scroll of blinking {unknown}
Potions
 e - 2 potions of heal wounds {unknown}
 h - 4 potions of curing {unknown}
 k - 2 potions of lignification {unknown}
 m - a potion of resistance {unknown}
 n - a potion of haste {unknown}
 p - a potion of degeneration {unknown}
Comestibles
 c - 5 rations
 f - 11 chunks of flesh


   Skills:
 + Level 4.5 Fighting
 + Level 3.8 Axes
 + Level 3.8 Armour
 + Level 2.9 Dodging


You had 5 spell levels left.
You didn't know any spells.
Your spell library was empty.

Dungeon Overview and Level Annotations

Branches:
Dungeon (3/15)

Altars:
Dithmenos
Elyvilon
Gozag
Zin

Annotations:
D:3 1 transporter, rakiston's ghost, amateur DrAE


Innate Abilities, Weirdness & Mutations

You are resistant to torment.
Your stone body is resilient. (AC +4)
You are immune to poison.
You resist negative energy. (rN+)
You are resistant to electric shocks. (rElec)
You can survive without breathing.
You are immune to petrification.
You are immune to rotting.


Message History

The ogre hits you with a +0 giant club!!
Ouch! That really hurt!
You are too injured to fight recklessly!
You are too injured to fight recklessly!
You are too injured to fight recklessly!
You are too injured to fight recklessly!
You are too injured to fight recklessly!
You are too injured to fight recklessly!
You are too injured to fight recklessly!
You are too injured to fight recklessly!
You are too injured to fight recklessly!
A red film seems to cover your vision as you go berserk!
You feel yourself moving faster!
You feel mighty!
You are feeling hungry.
The ogre hits you with a +0 giant club!
* * * LOW HITPOINT WARNING * * *
You hit the ogre.
The ogre is heavily wounded.
The ogre hits you with a +0 giant club!!
You die...

#.........######.###
#.........#........#
#.........#.######.#
######.#+##.# .. #.#
#.#.##.#.## #.#
#.#........ #.#
#.#<.....# #.#
#.O...# #.#
#@#########.#
#...........#
#############


You could see an ogre.

Vanquished Creatures
  An orc wizard (D:3)
  Natasha (thrice) (D:2)
  7 adders
  An ooze (D:2)
  3 worms
  2 dart slugs
  A leopard gecko (D:2)
  3 orcs (D:3)
  2 giant cockroaches
  5 goblins
  7 hobgoblins
  5 jackals
  A quokka (D:3)
  4 ball pythons
  6 bats
  4 frilled lizards (D:1)
  13 kobolds
  4 rats
72 creatures vanquished.

Notes
Turn   | Place    | Note
-------+----------+-------------------------------------------
     0 | D:1      | Fang the Gargoyle Berserker began the quest for the Orb.
     0 | D:1      | Reached XP level 1. HP: 14/14 MP: 1/1
   360 | D:1      | Reached XP level 2. HP: 17/19 MP: 2/2
   806 | D:1      | Reached XP level 3. HP: 23/23 MP: 3/3
  1105 | D:2      | Found a white marble altar of Elyvilon.
  1105 | D:2      | Found a shadowy altar of Dithmenos.
  1180 | D:2      | Reached XP level 4. HP: 11/29 MP: 4/4
  1281 | D:2      | Reached ** piety under Trog
  1348 | D:2      | Noticed Natasha
  1360 | D:2      | Killed Natasha
  1360 | D:2      | Reached skill level 4 in Fighting
  1548 | D:2      | Noticed Natasha
  1554 | D:2      | Killed Natasha
  1554 | D:2      | Reached XP level 5. HP: 23/33 MP: 5/5
  1650 | D:2      | Noticed Natasha
  1660 | D:2      | Killed Natasha
  1943 | D:2      | Found a glowing silver altar of Zin.
  2198 | D:3      | Found a transporter.
  2198 | D:3      | Noticed an ogre
  2198 | D:3      | Noticed rakiston's ghost (amateur DrAE)
  2200 | D:3      | Noticed an ogre
  2384 | D:3      | Reached XP level 6. HP: 22/39 MP: 6/6
  2456 | D:3      | Found an opulent altar of Gozag.
  2502 | D:3      | Mangled by an ogre

Levels and vault maps discovered:
D:1:      lightli_arrival_windingriver, layout_basic
D:2:      layout_loops_ring, nicolae_overflow_crystal_walls,
          grunt_temple_overflow_open, first_ration, uniq_natasha
D:3:      layout_basic, nicolae_gozag_cash_rules_everything_around_me,
          gammafunk_ghost_smash

Skill      XL: |  1  2  3  4 |
---------------+-------------+-----
Axes           | 3 |  3.8
Dodging        | 2 |  2.9
Armour         | 3 |  3.8
Fighting       | 4 |  4.5

Action                   |  1- 3 |  4- 6 || total
-------------------------+-------+-------++-------
Melee: Hand axe          |   139 |   136 ||   275
Invok: Berserk           |     1 |     2 ||     3
       Trog's Hand       |       |     1 ||     1
 Stab: Sleeping          |     1 |       ||     1
  Eat: Chunk             |     2 |     6 ||     8
Armor: Animal skin       |    52 |    49 ||   101
Dodge: Dodged            |   112 |    88 ||   200
